 Dungeon Crawl Stone Soup version 0.28.0-43-g3370ac3207 (webtiles) character file.

Game seed: 15555582340961488001

2341 croobank the Cleaver (level 9, -10/79 HPs)
             Began as a Hill Orc Monk on Mar 7, 2022.
             Mangled by a polar bear (26 damage)
             ... on level 8 of the Dungeon.
             The game lasted 00:28:12 (7098 turns).

croobank the Cleaver (Hill Orc Monk)                Turns: 7098, Time: 00:28:13

Health: -10/79     AC: 11    Str: 16    XL:     9   Next: 43%
Magic:  14/14      EV: 16    Int: 12    God:
Gold:   130        SH:  0    Dex: 13    Spells: 8/8 levels left

rFire   . . .      SeeInvis .   a - +0 war axe
rCold   . . .      Faith    .   (no shield)
rNeg    . . .      Spirit   .   h - +0 ring mail
rPois   .          Reflect  .   K - +2 hat
rElec   .          Harm     +   L - scarf {harm}
rCorr   .          Rampage  .   (no gloves)
Will    .....                   (no boots)
Stlth   ++........              j - amulet of regeneration
HPRegen 1.03/turn               e - +4 ring of protection
MPRegen 0.14/turn               x - +4 ring of evasion

@: no status effects
A: no striking features
a: no special abilities


You were on level 8 of the Dungeon.
You visited 1 branch of the dungeon, and saw 8 of its levels.

You collected 394 gold pieces.
You spent 264 gold pieces at shops.

Inventory:

Hand Weapons
 a - a +0 war axe (weapon)
 b - a +0 shortbow
 c - a +0 spear
 n - a +0 hand axe
 q - a +0 dagger of venom
 v - a +0 broad axe
 C - a +2 whip of electrocution
 E - a +1 falchion of flaming
 F - a +1 flail of holy wrath
Missiles
 f - 87 bolts
 g - 8 poisoned darts (quivered)
 k - 136 stones
 o - 48 sling bullets
 p - 105 arrows
Armour
 h - a +0 ring mail (worn)
 m - a +1 robe
 K - a +2 hat (worn)
 L - a scarf of harm (worn)
Magical Staves
 d - a staff of earth
Jewellery
 e - a +4 ring of protection (left hand)
 j - an amulet of regeneration (around neck)
 s - a ring of flight
 x - a +4 ring of evasion (right hand)
 A - a ring of see invisible
 H - an amulet of the acrobat
Wands
 w - a wand of flame (14)
 y - a wand of acid (3)
 B - a wand of iceblast (6)
 D - a wand of paralysis (6)
 J - a wand of digging (3)
Scrolls
 i - 2 scrolls of identify
 l - a scroll of holy word
 r - a scroll of magic mapping
 G - 2 scrolls of fear {unknown}
Potions
 t - a potion of lignification {unknown}
 u - a potion of curing
 z - a potion of flight {unknown}


   Skills:
 + Level 7.5 Fighting
 + Level 8.3 Axes
 + Level 5.2 Dodging
 + Level 5.2 Stealth
 + Level 6.8 Invocations


You had 8 spell levels left.
You didn't know any spells.
Your spell library contained the following spells:

 Spells                   Type           Power      Damage    Failure   Level
 Animate Skeleton         Necr           0%         N/A       54%         1
 Apportation              Tloc           0%         N/A       54%         1
 Sandblast                Erth           0%         2d4       54%         1
 Summon Small Mammal      Summ           0%         N/A       54%         1
 Ensorcelled Hibernation  Hex/Ice        0%         N/A       67%         2
 Passwall                 Tmut/Erth      0%         N/A       67%         2
 Stone Arrow              Conj/Erth      0%         3d7       88%         3
 Summon Guardian Golem    Hex/Summ       0%         N/A       88%         3
 Anguish                  Hex/Necr       0%         N/A       99%         4
 Iron Shot                Conj/Erth      0%         9d1       100%        6
 Orb of Destruction       Conj           0%         9d5       100%        7
 Spellforged Servitor     Conj/Summ      0%         N/A       100%        7


Dungeon Overview and Level Annotations

Branches:
Dungeon (8/15)             Temple (0/1) D:6
   Lair: D:8-11

Altars:
Dithmenos
Elyvilon
Fedhas
Makhleb
Nemelex Xobeh
Ru
Trog

Shops:
D:6 (   D:7 :   D:8 [

Annotations:
D:2 Terence
D:3 1 runed translucent door, Crazy Yiuf


Message History

The polar bear closely misses you. The polar bear barely misses you.
The polar bear closely misses you.
You hit the polar bear but do no damage.
The polar bear is severely wounded.
The polar bear closely misses you. The polar bear barely misses you.
The polar bear claws you but does no damage.
Cleave: a) +0 war axe
Press: ? - help, Dir - move target, f/p - polar bear
Aim: a polar bear (severely wounded, about 30% to evade your +0 war axe)
You hit the polar bear but do no damage.
The polar bear is severely wounded.
The polar bear bites you. The polar bear closely misses you. x2
You hit the polar bear.
The polar bear is severely wounded.
The polar bear goes berserk!
You hit the polar bear but do no damage.
The polar bear is severely wounded.
The polar bear bites you!
The polar bear claws you but does no damage. x2
The polar bear closely misses you. The polar bear claws you.
The polar bear misses you.
You barely miss the polar bear.
The polar bear is severely wounded.
The polar bear bites you!!
* * * LOW HITPOINT WARNING * * *
The polar bear completely misses you. The polar bear misses you.
The polar bear barely misses you. The polar bear claws you.
* * * LOW HITPOINT WARNING * * *
The polar bear barely misses you.
Okay, then.
Throw: dart (curare)
Press: ? - help, Q - select action, (/) - cycle Shift-Dir - straight line, f/p - polar bear
Aim: a polar bear (severely wounded, berserk, 68% to hit)
You throw a curare-tipped dart.
The curare-tipped dart hits the polar bear.
The polar bear is poisoned.
The polar bear convulses.
The polar bear seems to slow down.
The polar bear is almost dead.
The polar bear bites you!!
You die...

... # ##.## ### .##.
...###.# ### ....##
#...#.####...
#...##...............
#............... ...
###.....##....#.#.....
##.......#h#...## ...≈≈
#....#.<.#@#'#..##..S≈≈
##...####...≈.##.#...≈≈≈
#.........#≈≈.###....≈≈≈
...###...'..∩..'.....≈≈
#. #....###.≈≈#...≈...
#.........##.≈#........
##....##...#+##........
#....#..#...# .####..#
##...#..#....... ..


You could see a polar bear (berserk, very poisoned, slow).

Vanquished Creatures
  A yak (D:8)
  A sky beast (D:7)
  4 ice beasts
  A necrophage (D:6)
  An orc warrior (D:7)
  A centaur (D:3)
  4 ogres
  2 phantoms (D:5)
  A kobold brigand (D:7)
  A scorpion (D:6)
  A water moccasin zombie (D:5)
  A bullfrog zombie (D:4)
  A centaur zombie (D:6)
  A wyvern simulacrum (D:8)
  3 bullfrog skeletons (D:6)
  A gnoll shaman (D:6)
  An orc priest (D:6)
  2 jellies
  Natasha (thrice) (D:4)
  An iguana (D:6)
  7 orc wizards
  A centaur simulacrum (D:8)
  A howler monkey zombie (D:6)
  5 gnolls (D:6)
  6 adders
  A shadow imp (D:6)
  A worm (D:2)
  2 dart slugs
  20 orcs
  6 ball pythons
  6 endoplasms
  6 giant cockroaches
  6 goblins
  10 hobgoblins
  11 jackals
  2 quokkas
  9 bats
  2 frilled lizards
  11 kobolds
  2 rats (D:1)
147 creatures vanquished.

Vanquished Creatures (others)
  A plant (D:1)
1 creature vanquished.

Grand Total: 148 creatures vanquished

Notes
Turn   | Place    | Note
-------+----------+-------------------------------------------
     0 | D:1      | croobank the Hill Orc Monk began the quest for the Orb.
     0 | D:1      | Reached XP level 1. HP: 19/19 MP: 1/1
    36 | D:1      | Reached XP level 2. HP: 17/27 MP: 2/2
   466 | D:1      | Reached XP level 3. HP: 25/33 MP: 3/3
  1366 | D:2      | Reached skill level 1 in Invocations
  1366 | D:2      | Reached XP level 4. HP: 35/40 MP: 4/4
  1531 | D:2      | Noticed Terence
  1813 | D:3      | Found a runed translucent door.
  1814 | D:3      | Noticed Crazy Yiuf
  2114 | D:3      | Reached XP level 5. HP: 18/47 MP: 6/6
  2459 | D:2      | Reached skill level 5 in Axes
  2503 | D:2      | HP: 1/47 [Terence/+0 flail of protection (6)]
  3378 | D:3      | Noticed a centaur
  3391 | D:3      | Killed a centaur
  3392 | D:3      | Reached XP level 6. HP: 18/55 MP: 7/7
  3942 | D:4      | Found a shadowy altar of Dithmenos.
  4010 | D:4      | Found a bloodstained altar of Trog.
  4291 | D:4      | Noticed Natasha
  4302 | D:4      | Killed Natasha
  4341 | D:4      | Reached skill level 5 in Fighting
  4468 | D:4      | Noticed Natasha
  4610 | D:4      | Killed Natasha
  4653 | D:4      | Found a burning altar of Makhleb.
  4728 | D:4      | Noticed Natasha
  4739 | D:4      | Killed Natasha
  4870 | D:5      | Entered Level 5 of the Dungeon
  4882 | D:5      | Noticed an ice beast
  4912 | D:6      | Reached XP level 7. HP: 48/61 MP: 9/9
  4930 | D:6      | Got Agang's Grimoire of Clay and Enchantment
  5175 | D:5      | Reached skill level 6 in Axes
  5302 | D:5      | Reached XP level 8. HP: 59/70 MP: 11/11
  5330 | D:5      | Found a sparkling altar of Nemelex Xobeh.
  5420 | D:5      | Reached skill level 5 in Invocations
  5564 | D:6      | Found a staircase to the Ecumenical Temple.
  5597 | D:6      | Reached skill level 7 in Axes
  5694 | D:6      | Found Narosora's Weapon Boutique.
  5845 | D:6      | Found a white marble altar of Elyvilon.
  6075 | D:7      | Found a sacrificial altar of Ru.
  6135 | D:7      | Found Udwuxt's Self-Improvement Boutique.
  6142 | D:7      | Reached XP level 9. HP: 79/79 MP: 13/13
  6524 | D:7      | Reached skill level 8 in Axes
  6533 | D:7      | Reached skill level 5 in Dodging
  6533 | D:7      | Reached skill level 5 in Stealth
  6592 | D:7      | Found a blossoming altar of Fedhas.
  6977 | D:8      | Found Refir's Antique Armour Emporium.
  7009 | D:8      | Bought an embroidered scarf for 264 gold pieces
  7069 | D:8      | Noticed a polar bear
  7098 | D:8      | Mangled by a polar bear

Illustrated notes

Levels and vault maps discovered:
D:1:      eino_arrival_druids_welcome, layout_rooms
D:2:      layout_rooms, uniq_terence
D:3:      layout_basic, uniq_crazy_yiuf_cottage
D:4:      nicolae_cairo_tiling_large_dashed, layout_basic,
          mainiacjoe_overflow_24_doors, mainiacjoe_overflow_catch_the_wave,
          uniq_natasha
D:5:      layout_basic, nemelex_dance_club_becter
D:6:      layout_rooms, elyvilon_altar_5, minmay_temple_entry_grid,
          serial_shops, shop_coins, kennysheep_generic_room_9
D:7:      layout_loops_corners, lemuel_tele_altar,
          mainiacjoe_overflow_cross_hatched, nicolae_shop_self_help
D:8:      layout_cave_pools, serial_ice, serial_ice_f, serial_ice_l,
          serial_ice_h, serial_ice_g, serial_shops, nicolae_shop_hallway_plus,
          nicolae_shop_trees, kennysheep_dice, uniq_gastronok

Skill      XL: |  1  2  3  4  5  6  7  8  9 |
---------------+----------------------------+-----
Fighting       | 4 5 7 |  7.5
Stealth        | 2 3 4 5 |  5.2
Invocations    | 1 2 3 4 6 |  6.8
Dodging        | 3 4 5 |  5.2
Axes           | 5 6 7 8 |  8.3

Action                   |  1- 3 |  4- 6 |  7- 9 || total
-------------------------+-------+-------+-------++-------
Melee: Hand axe          |   142 |   180 |       ||   322
       Punch             |     1 |     3 |     4 ||     8
       War axe           |       |    74 |   242 ||   316
 Fire: Shortbow          |       |    15 |       ||    15
Throw: Dart              |       |     5 |     1 ||     6
Evoke: Wand              |       |       |    45 ||    45
  Use: Scroll            |     2 |     4 |     1 ||     7
       Potion            |       |     1 |       ||     1
 Stab: Sleeping          |       |       |     1 ||     1
Armor: Robe              |    39 |       |       ||    39
       Ring mail         |    25 |    99 |   100 ||   224
Dodge: Dodged            |   123 |   161 |   163 ||   447
